Map: [ESL] Radhuset Station

Players

Kelazhur - Winner!

  • Race: Terran Terran
  • Spawn Location: 1:00

Lambo

  • Race: Zerg Zerg
  • Spawn Location: 7:00

Event: IEM Katowice 2024

VOD

Have the link to the VOD?

Description

Time

  • Played on: Dec. 8, 2023, 12:20 p.m.
  • Length: 15:31

All games in this series

Show
View Real Time Build Order
Export as new Build Order

Kelazhur Terran - Winner!

Build Orders: Cyclone Opening, Mech 

Get SALT Encoding   

  12  0:00  SCV  
  13  0:12  SCV  
  14  0:17  Supply Depot  
  14  0:24  SCV  
  15  0:39  SCV  
  15  0:40  Barracks  
  16  0:44  Refinery  
  16  0:51  SCV  
  17  1:03  SCV  
  18  1:15  SCV  
  19  1:27  Orbital Command, Marine  
  20  1:41  Command Center  
  20  1:52  Factory  
  20  1:56  SCV  
  21  2:04  Barracks Reactor  
  21  2:07  Supply Depot  
  21  2:11  SCV  
  22  2:23  SCV  
  23  2:35  SCV  
  28  2:45  Cyclone x2  
  28  2:47  SCV  
  29  2:53  Orbital Command  
  29  3:00  SCV  
  30  3:07  Orbital Command, Command Center  
  31  3:12  SCV  
  31  3:17  Hellion  
  33  3:20  Hellion  
  33  3:25  SCV  
  36  3:33  SCV  
  37  3:34  Factory  
  37  3:37  SCV  
  37  3:38  Refinery  
  37  3:40  Hellion  
  40  3:44  Hellion  
  40  3:46  SCV  
  43  3:49  SCV  
  43  3:53  Supply Depot  
  44  3:58  SCV  
  44  4:02  SCV  
  46  4:15  Hellion x2, SCV x2  
  52  4:20  Factory Tech Lab  
  52  4:24  Orbital Command  
  52  4:27  SCV x2  
  52  4:34  Factory  
  52  4:37  Hellion  
  54  4:39  Hellion, SCV  
  54  4:40  Hellion  
  54  4:42  SCV  
  60  4:49  Hurricane Engines  
  60  4:51  SCV x2  
  52  4:54  SCV  
  52  4:59  Cyclone  
  55  5:00  Cyclone  
  55  5:02  Cyclone  
  55  5:04  SCV  
  55  5:05  SCV  
  61  5:10  SCV  
  62  5:16  SCV  
  62  5:18  SCV  
  62  5:20  Supply Depot  
  64  5:22  SCV  
  64  5:28  Factory Tech Lab, SCV  
  66  5:30  SCV  
  66  5:31  Hellion  
  66  5:33  Supply Depot  
  69  5:37  Refinery x2  
  69  5:42  Hellion x2, SCV x3  
  76  5:43  Supply Depot  
  76  5:48  Supply Depot  
  76  5:51  Infernal Pre-Igniter  
  76  5:54  Cyclone, SCV x2  
  80  5:57  Factory  
  80  6:01  Hellion, Supply Depot  
  80  6:02  Factory, SCV  
  80  6:04  Hellion  
  85  6:06  SCV  
  85  6:09  SCV  
  85  6:10  Refinery x2  
  87  6:12  Cyclone  
  87  6:14  SCV  
  90  6:18  SCV  
  90  6:21  SCV  
  90  6:24  Cyclone  
  94  6:26  SCV  
  94  6:30  SCV  
  96  6:33  Hellion x2, SCV  
  96  6:38  SCV  
  100  6:42  SCV  
  100  6:44  Siege Tank  
  100  6:45  SCV  
  103  6:50  SCV  
  102  6:55  SCV  
  102  6:58  Siege Tank, SCV, Supply Depot  
  102  6:59  Factory Reactor  
  102  7:00  Factory Tech Lab, Hellion  
  109  7:03  Supply Depot  
  109  7:05  Command Center, Supply Depot  
  109  7:08  Hellion  
  109  7:10  Supply Depot  
  109  7:13  Armory  
  109  7:14  Armory  
  109  7:15  SCV  
  91  7:24  Siege Tank x2  
  91  7:25  Hellion  
  91  7:29  SCV x2  
  93  7:30  Siege Tank  
  93  7:33  Hellion  
  93  7:35  SCV  
  99  7:37  Command Center  
  99  7:41  Hellion x2  
  103  7:50  Barracks x2, Cyclone  
  105  7:54  Cyclone  
  105  7:56  Cyclone x2  
  111  8:03  Terran Vehicle Weapons Level 1, Terran Vehicle And Ship Armor Level 1  
  111  8:04  Engineering Bay  
  111  8:06  Cyclone x2  
  111  8:07  Cyclone  
  117  8:13  Supply Depot  
  117  8:14  Supply Depot  
  117  8:26  SCV  
  117  8:27  Cyclone x2  
  117  8:28  Cyclone x2  
  117  8:30  SCV x2  
  127  8:38  Cyclone x2, SCV  
  127  8:46  Barracks Tech Lab x2  
  127  8:53  Supply Depot  
  127  8:54  Sensor Tower  
  127  8:57  Cyclone  
  127  8:59  Cyclone x2, Sensor Tower  
  127  9:01  Cyclone, Barracks Tech Lab  
  135  9:05  SCV x2  
  137  9:10  Cyclone, Supply Depot x2  
  134  9:18  Cyclone x2  
  134  9:22  Sensor Tower  
  138  9:28  Ghost Academy  
  138  9:29  Cyclone  
  136  9:35  Cyclone x3  
  141  9:45  SCV x2  
  141  9:46  SCV  
  141  9:50  Siege Tank  
  146  9:57  SCV  
  146  9:58  Hellion x2, SCV  
  146  9:59  Ghost x3  
  158  10:01  Siege Tank  
  158  10:02  Supply Depot  
  158  10:06  Terran Vehicle Weapons Level 2  
  159  10:16  Siege Tank  
  159  10:18  Hellion x2  
  159  10:20  Hellion  
  164  10:27  Siege Tank  
  167  10:35  Siege Tank, Cyclone  
  172  10:42  Sensor Tower  
  162  10:51  Siege Tank  
  162  10:52  Cyclone, Hellion x2  
  162  10:53  SCV x3  
  168  11:01  Cyclone  
  168  11:05  Terran Vehicle And Ship Armor Level 2  
  168  11:16  Cyclone x2  
  168  11:17  Cyclone  
  174  11:20  Refinery  
  174  11:21  Refinery  
  174  11:26  Hellion x2  
  174  11:32  Hellion  
  174  11:34  Hellion  
  172  11:43  Planetary Fortress  
  172  11:45  Command Center  
  172  11:46  Command Center  
  170  11:47  Hellion x2  
  170  11:49  Hellion x3  
  175  11:54  SCV x3  
  175  12:04  Ghost x3  
  175  12:06  SCV x2  
  183  12:13  Sensor Tower  
  183  12:14  Missile Turret  
  183  12:15  Missile Turret  
  183  12:22  Siege Tank x2  
  189  12:23  Hellion  
  189  12:32  Ghost  
  189  12:33  Ghost x2  
  189  12:41  Terran Vehicle Weapons Level 3  
  189  12:43  Siege Tank  
  190  12:46  Sensor Tower  
  190  12:48  Hellion x2  
  190  12:51  Hellion  
  196  12:54  Personal Cloaking  
  196  12:56  Supply Depot  
  196  13:14  Orbital Command  
  194  13:22  Terran Ship Weapons Level 1  
  194  13:24  Ghost x3  
  196  13:41  Siege Tank  
  196  13:46  Cyclone  
  196  13:47  Cyclone x3  
  179  13:53  Command Center, Ghost x3  
  181  13:57  Command Center  
  181  13:59  Refinery  
  181  14:01  Refinery  
  181  14:05  Hellion x2  
  181  14:08  Planetary Fortress  
  181  14:14  Hellion  
  181  14:19  Hellion  
  181  14:21  Ghost  
  181  14:23  Cyclone x2  
  183  14:34  Ghost x2, Cyclone x3  
  168  14:40  Cyclone  
  168  14:41  Cyclone  
  170  14:47  Command Center  
  170  14:52  Ghost  
  172  14:55  Cyclone  
  172  14:56  Hellion  
Show
View Real Time Build Order
Export as new Build Order

Lambo Zerg 

Build Orders: Hatch First, Swarm Host 

Get SALT Encoding   

  12  0:00  Drone  
  13  0:13  Overlord  
  13  0:17  Drone  
  14  0:31  Drone x2  
  16  0:49  Hatchery  
  15  0:51  Drone  
  15  0:55  Drone  
  17  0:58  Drone  
  18  1:10  Extractor  
  17  1:14  Spawning Pool  
  17  1:18  Drone  
  17  1:20  Drone  
  18  1:29  Drone  
  19  1:40  Drone  
  20  1:51  Drone  
  21  2:00  Queen x2  
  25  2:02  Zergling x4  
  27  2:11  Drone  
  27  2:15  Overlord  
  28  2:24  Hatchery  
  28  2:27  Drone  
  28  2:33  Drone x2  
  28  2:34  Drone  
  31  2:41  Queen  
  33  2:47  Overlord  
  33  2:52  Metabolic Boost  
  33  2:55  Drone  
  33  2:57  Drone  
  35  2:59  Drone  
  36  3:06  Drone x2  
  36  3:09  Queen  
  40  3:14  Drone  
  40  3:15  Drone  
  40  3:16  Drone  
  43  3:23  Drone  
  43  3:25  Overlord  
  44  3:28  Overlord  
  44  3:35  Queen  
  44  3:37  Queen  
  49  3:41  Drone x2  
  49  3:44  Drone  
  51  3:48  Drone  
  51  3:51  Queen  
  51  3:53  Zergling x4  
  55  3:56  Overlord  
  55  3:58  Zergling x2  
  55  4:00  Zergling x2  
  57  4:05  Overlord  
  57  4:07  Overlord  
  57  4:15  Zergling x2  
  57  4:16  Zergling x8  
  62  4:22  Zergling x6  
  62  4:23  Overlord  
  65  4:27  Drone x3  
  65  4:28  Drone  
  65  4:29  Drone  
  65  4:30  Drone  
  71  4:37  Drone  
  70  4:39  Drone x2  
  70  4:48  Drone x3  
  72  4:53  Lair  
  72  4:55  Roach Warren  
  72  4:57  Evolution Chamber  
  72  4:58  Drone x6  
  76  5:01  Drone x2  
  76  5:03  Drone  
  79  5:08  Extractor x2  
  79  5:10  Drone  
  79  5:13  Drone x2  
  80  5:15  Extractor  
  79  5:24  Drone x2  
  79  5:28  Zerg Missile Weapons Level 1, Overlord  
  81  5:30  Extractor, Overlord x2  
  81  5:32  Extractor  
  81  5:33  Overlord  
  81  5:35  Overlord  
  79  5:37  Roach  
  79  5:38  Overlord  
  79  5:41  Overlord  
  81  5:42  Overlord  
  81  5:48  Drone x4  
  81  5:49  Drone x2  
  87  5:52  Roach x2  
  87  5:55  Roach, Hatchery  
  94  5:57  Roach x2  
  94  5:59  Drone  
  94  6:00  Glial Reconstitution  
  96  6:11  Roach x3  
  101  6:13  Drone x3  
  101  6:16  Roach x2  
  108  6:23  Roach x2  
  108  6:25  Drone x2  
  114  6:29  Infestation Pit  
  117  6:32  Roach x2  
  117  6:33  Roach  
  117  6:40  Zergling x12  
  117  6:42  Overlord  
  120  6:48  Roach  
  120  6:50  Roach x3  
  124  6:55  Nydus Network  
  124  6:57  Overlord  
  124  6:58  Drone  
  124  7:07  Roach x2  
  127  7:15  Roach x7  
  134  7:28  Overseer  
  134  7:29  Swarm Host x8  
  157  7:31  Nydus Canal  
  157  7:32  Overlord  
  157  7:36  Swarm Host  
  160  7:37  Overlord  
  160  7:40  Swarm Host  
  163  7:44  Drone x5  
  163  7:49  Overlord  
  163  7:50  Overlord  
  168  7:52  Nydus Canal  
  168  7:54  Extractor  
  168  7:55  Overlord  
  168  7:57  Zerg Ground Armor Level 1  
  167  8:02  Roach  
  167  8:03  Roach x4  
  167  8:05  Drone x3  
  180  8:12  Extractor  
  179  8:14  Roach x5  
  179  8:16  Overlord  
  187  8:22  Overlord  
  187  8:23  Drone x5  
  183  8:28  Overlord  
  183  8:29  Drone x3  
  183  8:30  Nydus Canal  
  183  8:32  Drone x2  
  186  8:37  Drone x4  
  186  8:40  Swarm Host  
  181  8:41  Evolution Chamber  
  181  8:48  Swarm Host x2  
  178  8:52  Ravager x2  
  178  8:54  Hatchery  
  185  8:57  Ravager  
  185  8:58  Drone  
  185  8:59  Drone x2  
  189  9:03  Hive  
  189  9:04  Spire  
  189  9:07  Ravager  
  189  9:10  Nydus Canal  
  189  9:15  Swarm Host  
  192  9:17  Overlord  
  192  9:19  Ravager  
  192  9:20  Zergling x14  
  200  9:33  Roach  
  200  9:34  Nydus Canal  
  200  9:35  Overlord  
  200  9:42  Overlord, Spine Crawler  
  199  9:55  Nydus Canal  
  199  10:09  Burrow  
  199  10:10  Zergling x8  
  200  10:20  Zerg Missile Weapons Level 2, Greater Spire  
  200  10:21  Zerg Ground Armor Level 2  
  200  10:24  Spine Crawler x2  
  198  10:32  Ravager  
  198  10:33  Ravager  
  200  10:40  Baneling Nest  
  199  10:49  Zergling x2  
  200  10:50  Zergling x42  
  173  10:57  Roach x3  
  173  10:58  Roach x10  
  173  11:03  Roach  
  197  11:12  Nydus Canal  
  192  11:27  Roach x8  
  192  11:28  Overlord  
  192  11:31  Roach x10  
  200  11:33  Extractor x2  
  200  11:37  Hatchery  
  197  11:40  Ravager x3  
  197  11:42  Zerg Flyer Weapons Level 1, Overlord, Centrifugal Hooks  
  200  11:56  Overlord  
  200  12:00  Nydus Canal  
  196  12:18  Overseer  
  196  12:31  Zergling x6  
  199  12:53  Zerg Melee Weapons Level 1  
  199  12:57  Hatchery  
  198  12:59  Spine Crawler  
  198  13:02  Infestor  
  198  13:05  Zergling x16  
  199  13:11  Pneumatized Carapace  
  199  13:15  Neural Parasite  
  196  13:20  Zergling x12  
  196  13:22  Zergling x8  
  198  13:29  Roach  
  196  13:38  Roach  
  176  13:42  Roach x4  
  176  13:44  Roach x18  
  176  13:45  Roach x3  
  176  13:47  Roach x4  
  176  13:48  Roach x2  
  197  13:50  Nydus Canal  
  197  13:54  Roach x2  
  193  14:04  Ravager x4  
  198  14:13  Ravager x2  
  191  14:19  Ravager x4  
  187  14:25  Roach x11  
  178  14:36  Roach  
  178  14:37  Roach x3  
  164  14:39  Queen x3  
  164  14:44  Roach  
  164  14:45  Ravager x4  
  167  14:48  Ravager x3  
  167  14:50  Roach, Ravager  
  167  14:51  Ravager x2  
  175  14:55  Roach  
  175  14:56  Roach x2  
  160  15:00  Roach x3  
  160  15:04  Roach  
  138  15:08  Roach x2  

Tags
 
Add a new tag
Caveats
  • Supply blocks, unpowered buildings, or Contaminate may cause inaccurate times.
  • Supply counts are checked every 10 seconds.